 Dungeon Crawl Stone Soup version 0.29.0-4-gdea44cf6ec (webtiles) character file.

Game seed: 6148733595202262016

243 qw the Chopper (level 6, 0/35 HPs)
             Began as a Tengu Warper on Aug 28, 2022.
             Killed from afar by Grinder (5 damage)
             ... with a puff of flame
             ... on level 4 of the Dungeon.
             The game lasted 00:00:18 (2825 turns).

qw the Chopper (Tengu Warper)                       Turns: 2825, Time: 00:00:19

Health: 0/35       AC: 15    Str: 16    XL:     6   Next: 9%
Magic:  10/10      EV:  8    Int: 12    God:
Gold:   112        SH:  4    Dex: 16    Spells: 9/9 levels left

rFire   + . .      SeeInvis .   Y - +0 hand axe (protect)
rCold   . . .      Faith    .   a - +0 buckler
rNeg    . . .      Spirit   .   g - +0 chain mail
rPois   .          Reflect  .   (helmet restricted)
rElec   .          Harm     .   (no cloak)
rCorr   .          Rampage  .   (no gloves)
Will    .....                   (boots unavailable)
Stlth   ..........              (no amulet)
HPRegen 0.11/turn               c - ring of protection from fire
MPRegen 0.12/turn               (no ring)

@: about to teleport, under a protective aura, flying quickly and evasively,
quick
A: beak, talons 3, nimble flight, horns 1, camouflage 1, agile 1, strong 1
a: no special abilities


You were on level 4 of the Dungeon.
You visited 1 branch of the dungeon, and saw 4 of its levels.

You collected 147 gold pieces.
You spent 35 gold pieces at shops.


Innate Abilities, Weirdness & Mutations

You have a beak for a mouth.
You have claws for feet.
Your magical nature lets you fly swiftly and evasively.
You have a pair of small horns on your head.
Your skin changes colour to match your surroundings (Stealth+).
You are agile. (Dex +4, Str/Int -1)
Your muscles are strong. (Str +4, Int/Dex -1)


   Skills:
 - Level 2.0 Fighting
 + Level 6.1 Axes
 - Level 1.0 Throwing
 - Level 2.0 Armour
 - Level 2.1 Dodging
 - Level 1.9 Shields
 - Level 2.0 Spellcasting
 - Level 2.4 Translocations


You had 9 spell levels left.
You didn't know any spells.
Your spell library contained the following spells:

 Spells                   Type           Power      Damage    Failure   Level
 Blink                    Tloc           12%        N/A       98%         2
 Gell's Gravitas          Tloc           6%         N/A       100%        3
 Lesser Beckoning         Tloc           6%         N/A       100%        3
 Teleport Other           Tloc           6%         N/A       100%        3
 Manifold Assault         Tloc           6%         N/A       100%        5

Inventory:

Hand Weapons
 i - a +0 flail
 Y - a +0 hand axe of protection (weapon)
Missiles
 f - 2 silver javelins (quivered)
 k - 3 boomerangs
Armour
 a - a +0 buckler (worn)
 g - a +0 chain mail (worn)
Jewellery
 c - a ring of protection from fire (left hand)
Potions
 d - a potion of mutation
 e - a potion of curing {unknown}
 l - a potion of degeneration {unknown}
 m - a potion of heal wounds {unknown}
 n - a potion of magic {unknown}
 o - 2 potions of attraction {unknown}
 q - a potion of might {unknown}

Dungeon Overview and Level Annotations

Branches:
Dungeon (4/15)
 Temple: D:4-7

Altars:

Shops:
D:3 (

Annotations:
D:4 Grinder


Message History

You peck the ufetubus, but do no damage.
The ufetubus is lightly wounded.
You block the ufetubus's attack.
The ufetubus hits you but does no damage.
Grinder gestures at you. Pain shoots through your body!
You slash the ufetubus!
You kill the ufetubus!
You hear the rusting of a distant drain.
Grinder says, "Mostly I couldn't keep them alive."
Grinder zaps a wand.
The puff of flame hits you. You resist.
Found a scroll of teleportation.
Grinder zaps a wand.
The puff of flame hits you but does no damage.
You see here a silver javelin.
Grinder hits you but does no damage.
You closely miss Grinder. Your kick misses Grinder.
Your headbutt misses Grinder. You peck Grinder.
Grinder is lightly wounded.
Grinder blinks!
Grinder zaps a wand.
The puff of flame hits you. You resist.
You hit Grinder.
Your weapon exudes an aura of protection.
Grinder is lightly wounded.
Grinder hits you but does no damage.
You closely miss Grinder. Your headbutt misses Grinder. You peck Grinder.
Grinder is moderately wounded.
Grinder blinks!
Grinder says, "Don't move a muscle."
Grinder hits you.
You writhe in agony.
2824 ||| READING scroll of teleportation.
As you read the scroll of teleportation, it crumbles to dust.
You feel strangely unstable. You block Grinder's attack.
You hit Grinder.
Your weapon exudes an aura of protection.
You claw Grinder, but do no damage. Your headbutt misses Grinder.
Grinder is moderately wounded.
Grinder zaps a wand.
The puff of flame hits you. You resist.
You die...

#.# #.###..
#.#####......
#..........#
#..........#
############......)...#
.................))...#
#.........(......)...+
##....................#
......5@.....#####)##.#
##...........# #)# .#
#...........# #.# ..
#..?...(..[.# #)#####
..####'#....... #.....#
# #.#.......# #####.#
#.#.......# #.#
#.#.......# #.#
######.#


You could see Grinder.

Vanquished Creatures
  A howler monkey (D:4)
  A hound (D:4)
  An iguana (D:4)
  Robin (D:4)
  5 adders
  An ufetubus (D:4)
  A worm (D:3)
  2 dart slugs (D:1)
  An orc (D:3)
  7 endoplasms
  2 giant cockroaches
  10 hobgoblins
  2 jackals (D:1)
  7 kobolds
  4 quokkas
  7 ball pythons
  7 bats
  6 frilled lizards
  13 goblins
  3 rats
82 creatures vanquished.

Notes
Turn   | Place    | Note
-------+----------+-------------------------------------------
     0 | D:1      | qw the Tengu Warper began the quest for the Orb.
     0 | D:1      | Reached XP level 1. HP: 12/12 MP: 4/4
     0 | D:1      | 0 ||| qw: Version: 0.1-a-89-g26bdef1
     0 | D:1      | 0 ||| qw: Game counter: 1079
     0 | D:1      | 0 ||| qw: Always use a shield: true
     0 | D:1      | 0 ||| qw: God list: Okawaru
     0 | D:1      | 0 ||| qw: Allow faded altars: false
     0 | D:1      | 0 ||| qw: Do Orc after D:15 true
     0 | D:1      | 0 ||| qw: Do second Lair branch before Depths: true
     0 | D:1      | 0 ||| qw: Lair rune preference: random
     0 | D:1      | 0 ||| qw: Plans: Normal
     0 | D:1      | 0 ||| PLANNING D:1-11
    62 | D:1      | 62 ||| Stepping ~*~*~tactically~*~*~ (stealth).
   168 | D:1      | Reached XP level 2. HP: 17/17 MP: 6/6
   204 | D:1      | Reached skill level 3 in Axes
   318 | D:1      | Found a faded altar of an unknown god.
   477 | D:1      | 477 ||| DROPPING +0 club.
   497 | D:1      | 497 ||| Stepping ~*~*~tactically~*~*~ (stealth).
   517 | D:1      | Reached XP level 3. HP: 12/21 MP: 7/7
   703 | D:1      | 703 ||| Stepping ~*~*~tactically~*~*~ (stealth).
   704 | D:1      | 704 ||| Stepping ~*~*~tactically~*~*~ (stealth).
   771 | D:1      | Reached skill level 4 in Axes
   957 | D:1      | 957 ||| UPGRADING to +0 chain mail.
   967 | D:1      | 967 ||| DROPPING +0 leather armour.
   968 | D:1      | 968 ||| DROPPING +0 scale mail.
   969 | D:1      | 969 ||| READING 2 scrolls labelled XOABEA FUAQA.
   970 | D:1      | 970 ||| DROPPING scroll of magic mapping.
   971 | D:1      | 971 ||| DROPPING scroll of blinking.
  1159 | D:2      | Reached XP level 4. HP: 24/26 MP: 8/8
  1346 | D:2      | 1346 ||| Stepping ~*~*~tactically~*~*~ (stealth).
  1350 | D:2      | 1350 ||| Stepping ~*~*~tactically~*~*~ (stealth).
  1690 | D:2      | 1690 ||| UPGRADING to ring of protection from fire.
  1691 | D:2      | 1691 ||| READING scroll labelled GAAKLA FEPRAKHLO.
  1692 | D:2      | 1692 ||| READING scroll labelled DOTIM FECVE.
  1693 | D:2      | 1693 ||| READING scroll labelled ZYQYPOYPLYI.
  1696 | D:2      | 1696 ||| READING scroll labelled MOTHRI MIUMN.
  1697 | D:2      | 1697 ||| DRINKING 2 dark potions.
  1698 | D:2      | 1698 ||| DRINKING 2 smoky ruby potions.
  1698 | D:2      | Gained mutation: Your muscles are strong. (Str +4, Int/Dex
                  | -1) [potion of mutation]
  1698 | D:2      | Gained mutation: You are agile. (Dex +4, Str/Int -1)
                  | [potion of mutation]
  1698 | D:2      | Gained mutation: You have a pair of small horns on your
                  | head. [potion of mutation]
  1698 | D:2      | Gained mutation: Your skin changes colour to match your
                  | surroundings (Stealth+). [potion of mutation]
  1699 | D:2      | 1699 ||| DRINKING 2 fizzy purple potions.
  1700 | D:2      | 1700 ||| DROPPING potion of flight.
  1701 | D:2      | 1701 ||| DROPPING potion of brilliance.
  1742 | D:3      | Reached skill level 5 in Axes
  2111 | D:3      | Gained mutation: Your magical nature lets you fly swiftly
                  | and evasively. [Tengu growth]
  2111 | D:3      | Reached XP level 5. HP: 30/30 MP: 9/9
  2286 | D:3      | Found Ranuj's Weapon Boutique.
  2295 | D:3      | 2295 ||| BUYING +0 flail (35 gold).
  2295 | D:3      | Bought a +0 flail for 35 gold pieces
  2295 | D:3      | 2295 ||| SHOPLISTING +5 vampiric hand axe (360 gold, have
                  | 112).
  2295 | D:3      | 2295 ||| DROPPING +0 whip.
  2413 | D:3      | 2413 ||| UPGRADING to +0 buckler.
  2418 | D:3      | 2418 ||| READING scroll labelled WOVYOKLYNO.
  2419 | D:3      | 2419 ||| READING scroll labelled VIN YKKALIOGIULAMY.
  2420 | D:3      | 2420 ||| Stepping randomly (stuck).
  2421 | D:3      | 2421 ||| Stepping ~*~*~tactically~*~*~ (cloud).
  2429 | D:3      | HP: 7/30 [poisoned by you (poison gas)]
  2664 | D:4      | 2664 ||| PLANNING SEWER
  2730 | D:4      | 2730 ||| Stepping ~*~*~tactically~*~*~ (stealth).
  2731 | D:4      | Noticed Robin
  2732 | D:4      | 2732 ||| Stepping ~*~*~tactically~*~*~ (stealth).
  2737 | D:4      | 2737 ||| Stepping ~*~*~tactically~*~*~ (stealth).
  2753 | D:4      | 2753 ||| Stepping ~*~*~tactically~*~*~ (stealth).
  2754 | D:4      | 2754 ||| Stepping ~*~*~tactically~*~*~ (stealth).
  2764 | D:4      | Reached skill level 1 in Shields
  2788 | D:4      | Killed Robin
  2789 | D:4      | Reached skill level 6 in Axes
  2803 | D:4      | Noticed Grinder
  2811 | D:4      | Reached XP level 6. HP: 27/35 MP: 10/10
  2823 | D:4      | HP: 8/35 [Grinder (1)]
  2824 | D:4      | 2824 ||| READING scroll of teleportation.
  2825 | D:4      | Killed from afar by Grinder

Levels and vault maps discovered:
D:1:      lemuel_arrival_funnel, layout_basic,
          dreamdust_ecumenical_altar_angels_and_demons, minivault_26,
          minivault_27
D:2:      layout_basic
D:3:      cheibrodos_helix_gallery, layout_loops_ring, serial_shops,
          nicolae_lakefront_shop, st_stairs_12
D:4:      gammafunk_cloud_chamber, layout_basic, gup_sewer_entry_bubbles,
          uniq_grinder, uniq_robin

Skill      XL: |  1  2  3  4  5 |
---------------+----------------+-----
Axes           | 3 4 5 6 |  6.1
Shields        | 1 |  1.9
Armour         | 2 |  2.0
Fighting       | |  2.0
Throwing       | |  1.0
Dodging        | |  2.1
Spellcasting   | |  2.0
Translocations | |  2.4

Action                   |  1- 3 |  4- 6 || total
-------------------------+-------+-------++-------
Melee: Hand axe          |    61 |    78 ||   139
       Kick              |    14 |    23 ||    37
       Peck              |     7 |     9 ||    16
       Headbutt          |       |     5 ||     5
Throw: Boomerang         |    22 |    32 ||    54
       Javelin           |       |    14 ||    14
  Use: Scroll            |     1 |     7 ||     8
       Potion            |       |     3 ||     3
Armor: Leather armour    |     9 |       ||     9
       Chain mail        |     5 |    38 ||    43
Dodge: Dodged            |    20 |    20 ||    40
Block: Buckler           |       |     5 ||     5

Table legend:
 A = Non-vault XP
 B = Vault XP
 C = Vault XP percentage of total XP
 D = Non-vault monster count
 E = Vault monster count
 F = Vault count percentage of total count
                 A         B        C        D         E       F
            +---------+---------+-------+---------+---------+-------
      Total |     297 |      51 |  14.7 |      67 |      15 |  18.3
            +---------+---------+-------+---------+---------+-------
        D:1 |      50 |       0 |   0.0 |      29 |       0 |   0.0
        D:2 |      62 |       0 |   0.0 |      15 |       0 |   0.0
        D:3 |      42 |      19 |  31.1 |      16 |       4 |  20.0
        D:4 |     143 |      32 |  18.3 |       7 |      11 |  61.1
            +---------+---------+-------+---------+---------+-------
